AoeStats
← AIRSOFT RATAS ARMADAS YT

Arena

510226979Analyzed
2v2 RM · 2d ago on Sep 30, 2026· 50m 42s· 4 players
Game mode
Random Map
Map size
Medium (4 player)
Population
200
Speed
Normal
Resources
Standard
Victory
Conquest
Starting age
Dark Age
Ending age
Imperial Age
RankedLock teamsTeams togetherTeam positionsShared explorationLock speedFull tech treeHidden civsTurbo modeCheats
Victory
Defeat
🇺🇸 Celts · United States
711
+14
618
+17
🇺🇸 Dravidians · United States
665
-16
🇲🇽 Burgundians · Mexico
652
-15
Amachali
1:06 Loom
13:10 Feudal Age
14:29 Wheelbarrow
14:09 Horse Collar
14:19 Double-Bit Axe
22:44 Castle Age
20:43 Arson
24:01 Fletching
25:11 Bodkin Arrow
27:43 Bow Saw
27:34 Heavy Plow
28:20 Hand Cart
30:42 Forging
30:33 Scale Mail Armor
34:03 Imperial Age
33:01 Pikeman
34:23 Iron Casting
34:03 Chain Mail Armor
34:26 Squires
36:05 Chemistry
35:26 Ballistics
35:49 Bracer
39:21 Murder Holes
39:47 Ballistics
MUTZLAJ JS
10:44 Feudal Age
9:46 Double-Bit Axe
10:43 Horse Collar
14:09 Wheelbarrow
14:19 Bow Saw
19:56 Castle Age
18:41 Heavy Plow
18:39 Stone Mining
23:55 Two-Man Saw
23:14 Elite Skirmisher
24:35 Cavalier
25:15 Husbandry
27:01 Scale Mail Armor
27:11 Forging
26:51 Fletching
27:04 Padded Archer Armor
27:40 Hand Cart
27:52 Gold Mining
30:20 Pikeman
31:01 Squires
32:16 Crop Rotation
38:43 Imperial Age
36:41 Light Cavalry
37:53 Leather Archer Armor
37:44 Scale Barding Armor
37:36 Bodkin Arrow
38:16 Iron Casting
39:34 Halberdier
39:40 Capped Ram
39:57 Hussar
39:57 Paladin
RancidMeerkat
10:20 Feudal Age
17:43 Castle Age
16:17 Man-at-Arms
16:50 Horse Collar
17:10 Double-Bit Axe
18:21 Stone Mining
21:07 Stone Shaft Mining
21:10 Heavy Plow
21:16 Long Swordsman
22:17 Fletching
23:24 Wheelbarrow
26:03 Bow Saw
26:35 Gold Mining
28:49 Gold Shaft Mining
35:07 Imperial Age
33:16 Scale Mail Armor
35:43 Chain Mail Armor
36:05 Forging
36:06 Two-Handed Swordsman
36:38 Capped Ram
38:56 Conscription
41:05 Chemistry
41:24 Hand Cart
40:57 Town Watch
42:24 Iron Casting
42:19 Plate Mail Armor
42:24 Siege Ram
47:08 Blast Furnace
46:04 Bodkin Arrow
46:43 Furor Celtica
AIRSOFT RATAS ARMADAS YT
0:30 Loom
11:14 Feudal Age
12:30 Wheelbarrow
11:44 Double-Bit Axe
17:04 Town Watch
19:20 Castle Age
18:13 Horse Collar
18:26 Gold Mining
18:29 Stone Mining
20:46 Hand Cart
20:45 Bow Saw
22:12 Heavy Plow
28:08 Gold Shaft Mining
27:39 Scale Mail Armor
27:52 Squires
27:14 Pikeman
30:53 Forging
30:49 Scale Barding Armor
31:00 Chain Mail Armor
31:21 Fletching
35:09 Ballistics
38:02 Imperial Age
36:36 Ballistas
37:35 Iron Casting
37:21 Chain Barding Armor
36:58 Bodkin Arrow
37:10 Caravan
37:40 Coinage
38:43 Heavy Scorpion
39:56 Man-at-Arms
39:57 Halberdier
41:06 Conscription
42:39 Comitatenses
43:36 Murder Holes
46:21 Capped Ram
Connection lost

Rejoining the realm…

Still unreachable

The connection could not be restored.

Session expired

The server has moved on; the page needs a fresh start.